cohdb
Replays
Latest Replays
All Replays
Popular Replays
Top Player Replays
Match Explorer
How It Works
Community
CoH3 Stats
Reddit
Sign in to upload your games and track your stats! →
Sign in with Steam
Match 46624148
Unlisted
Match 46624148
Overview
Messages
Build Orders
End
Kettenkrad Recon Vehicle
Construct Infanterie Kompanie
MG 42 Machine Gun Team
MG 42 Machine Gun Team
GrW 34 Mortar Team
Medical Station
Construct Luftwaffe Kompanie
Selects Mechanized Battlegroup
Jäger Squad
Jäger Squad
Selects Raid Package
Support Elements
Selects Mobile Repair Stations
Wirbelwind Flakpanzer
TCA星辰大海
浮生、毁你几座春秋
Happy PanzerVI
crywo1f
VpierdolHD
gorcky17
0
0
Comments
sign in to comment!
No comments posted yet!